 Dungeon Crawl Stone Soup version 0.26.1-11-gd32895ea62 (webtiles) character file.

Game seed: 570257383016471503

70 bits the Grave Robber (level 4, -4/36 HPs)
             Began as a Deep Dwarf Necromancer on June 24, 2021.
             Slain by Sigmund
             ... wielding a +5 scythe of protection
              (7 damage)
             ... on level 3 of the Dungeon.
             The game lasted 00:10:38 (2833 turns).

bits the Grave Robber (Deep Dwarf Necromancer)      Turns: 2833, Time: 00:10:38

Health: -4/36      AC:  3    Str: 12    XL:     4   Next: 4%
Magic:  5/7        EV: 12    Int: 16    God:
Gold:   144        SH:  0    Dex: 13    Spells: 3/7 levels left

rFire    . . .     SeeInvis .   b - +0 short sword
rCold    . . .     Faith    .   (no shield)
rNeg     . . .     Spirit   .   a - +0 robe
rPois    .         Reflect  .   p - +0 helmet
rElec    .         Harm     .   (no cloak)
rCorr    .         Rampage  .   (no gloves)
Will     .....                  (no boots)
Stlth    ++........             (no amulet)
HPRegen  0.00/turn              (no ring)
MPRegen  0.10/turn              (no ring)

@: non-regenerating
A: damage resistance, heal wounds, sense surroundings 1, no regeneration
a: Heal Wounds


You were on level 3 of the Dungeon.
You visited 1 branch of the dungeon, and saw 3 of its levels.

You collected 144 gold pieces.

Inventory:

Hand Weapons
 b - a +0 short sword (weapon)
Armour
 a - a +0 robe (worn)
 p - a +0 helmet (worn)
Jewellery
 o - an uncursed amulet of faith
Scrolls
 e - a scroll of remove curse
 f - 3 scrolls of identify {unknown}
 h - a scroll of fog {unknown}
 j - a scroll of amnesia {unknown}
 k - a scroll of enchant weapon {unknown}
 l - a scroll of teleportation {unknown}
 m - a scroll of blinking {unknown}
 q - a scroll of enchant armour {unknown}
Potions
 c - 2 potions of heal wounds
 d - 2 potions of degeneration {unknown}
 g - a potion of magic {unknown}
 i - 2 potions of haste {unknown}
 n - a potion of berserk rage {unknown}


   Skills:
 + Level 2.2 Dodging
 + Level 2.5 Stealth
 * Level 2.2 Spellcasting
 * Level 5.8 Necromancy


You had 3 spell levels left.
You knew the following spells:

 Your Spells              Type           Power        Failure   Level
a - Pain                  Necr           80%          1%          1
b - Vampiric Draining     Necr           10%          5%          3

Your spell library contained the following spells:

 Spells                   Type           Power        Failure   Level
 Animate Skeleton         Necr           40%          1%          1
 Confusing Touch          Hex            1%           52%         3
 Gell's Gravitas          Tloc           0%           52%         3
 Animate Dead             Necr           10%          19%         4
 Agony                    Necr           20%          45%         5
 Petrify                  Tmut/Erth      1%           90%         4
 Metabolic Englaciation   Hex/Ice        0%           99%         5
 Yara's Violent Unravell  Hex/Tmut       0%           99%         5


Dungeon Overview and Level Annotations

Branches:
Dungeon (3/15)

Altars:
Nemelex Xobeh

Annotations:
D:3 Sigmund


Innate Abilities, Weirdness & Mutations

You are resistant to damage.
You can heal yourself by infusing magical energy.
You passively map a small area around you.
You do not regenerate.


Message History

You completely miss something. Something barely misses you.
You miss something.
Level annotation: Sigmund Welcome back, bits the Deep Dwarf Necromancer.
Press ? for a list of commands and other information.
Deactivating autopickup; reactivate with Ctrl-A.
You miss something.
You feel less confused. Something hits you!
Unknown command.
Something hits you!
* * * LOW HITPOINT WARNING * * *
A magic dart appears from out of thin air!
The magic dart hits you.
* * * LOW HITPOINT WARNING * * *
Aiming: Vampiric Draining (dangerous; 5% risk of failure)
Press: ? - help, Q - select action, (/) - cycle Shift-Dir - straight line
Okay, then.
Something hits you!
You die...

#.# , ##.# , ,
, * #..# #.##
, . #.# #B #.#
##.# #.#
##...#* #.#
#.....#* #@#
....... #.# **
#......#####{#
#..†B..B# ,
######### ,* *
*


You could see a giant cockroach.

Vanquished Creatures
  2 adders (D:2)
  An ooze (D:2)
  A worm (D:2)
  A dart slug (D:1)
  An orc (D:2)
  A ball python (D:1)
  5 bats
  A giant cockroach (D:1)
  8 goblins
  5 hobgoblins
  A quokka (D:3)
  4 frilled lizards
  7 kobolds
  4 rats
42 creatures vanquished.

Vanquished Creatures (others)
  A plant (D:2)
1 creature vanquished.

Grand Total: 43 creatures vanquished

Notes
Turn   | Place    | Note
-------+----------+-------------------------------------------
     0 | D:1      | bits the Deep Dwarf Necromancer began the quest for the
                  | Orb.
     0 | D:1      | Reached XP level 1. HP: 15/15 MP: 3/3
   174 | D:1      | Reached XP level 2. HP: 22/22 MP: 1/4
   376 | D:1      | Reached skill level 5 in Necromancy
  1295 | D:2      | Reached XP level 3. HP: 25/28 MP: 4/6
  1299 | D:2      | Learned a level 3 spell: Vampiric Draining
  1792 | D:2      | Found a sparkling altar of Nemelex Xobeh.
  2223 | D:2      | Reached XP level 4. HP: 23/36 MP: 1/7
  2812 | D:3      | Noticed Sigmund
  2833 | D:3      | Slain by Sigmund

Illustrated notes

Levels and vault maps discovered:
D:1:      amcnicky_arrival_gap_in_the_tavern_cellar, layout_loops_ring,
          st_stairs_4, minmay_tetromino_s2
D:2:      wad_lake_hut, layout_basic, nemelex_dance_club_becter
D:3:      layout_loops_ring, uniq_sigmund

Skill      XL: |  1  2 |
---------------+-------+-----
Necromancy     | 5 |  5.8
Spellcasting   | 2 |  2.2
Dodging        | |  2.2
Stealth        | |  2.5

Action                   |  1- 3 |  4- 6 || total
-------------------------+-------+-------++-------
Melee: Short sword       |    46 |    11 ||    57
 Cast: Pain              |    40 |       ||    40
       Vampiric Draining |    13 |     2 ||    15
  Use: Scroll            |       |     1 ||     1
Armor: Robe              |    24 |       ||    24
Dodge: Dodged            |    57 |     1 ||    58
